Cogmind - Beta 16 @@@ ROGUE MODE // 2025.10.24 @ 00:16:15 Player: Noname1208 Result: Destroyed by Y-54 Guardian with Gatling Laser Performance ------------- Evolutions (0) 0 Regions Visited (3) 600 Robots Destroyed (10) 50 Value Destroyed (190) 190 Prototype IDs (0) 0 Alien Tech Used (0) 0 Bonus (0) 0 TOTAL SCORE: 840 Bonus ------- None Cogmind --------- Core Integrity 0/250 Matter 296/300 Energy 99/100 System Corruption 0% Temperature Cool (6) Movement Core (50) Location -7/Recycling Parts ------- > --- POWER (1) -------- (None) > --- PROPULSION (2) --- (None) > --- UTILITY (2) ------ Subdweller Optics Improved Targeting Computer > --- WEAPON (2) ------- (None) > --- INVENTORY (5) ---- Light Ion Engine Aluminum Leg Aluminum Leg Machine Analyzer Component Analysis Suite Peak State ------------ > --- POWER ------------ Subdweller Power Source > --- PROPULSION ------- Wheel Compact Wheel > --- UTILITY ---------- Small Storage Unit Targeting Computer > --- WEAPON ----------- Medium Laser Assault Rifle > --- INVENTORY -------- Light Ion Engine Light Ion Engine Huge Storage Unit Machine Analyzer Subdweller Optics Scrap Shield Fragment Scrap Shield Fragment [Rating: 9] Favorites ----------- Power Light Ion Engine Engine Light Ion Engine Propulsion Aluminum Leg Leg Aluminum Leg Wheel Wheel Utility Small Storage Unit Device Subdweller Optics Storage Small Storage Unit Processor Targeting Computer Weapon Medium Laser Energy Gun Medium Laser Ballistic Gun Assault Rifle Build | -11 -10 -10 -7 ------- Run | Yrd Mat Sub Rec Slots Evolved . | . . . . Power . | . . . . Propulsion . | . . . . Utility . | . . . . Weapon . | . . . . Parts Attached 14 | 6 1 5 2 Power 2 | 1 . 1 . Engine 2 | 1 . 1 . Core . | . . . . Reactor . | . . . . Propulsion 4 | 2 . 2 . Treads . | . . . . Leg 2 | 2 . . . Wheel 2 | . . 2 . Hover . | . . . . Flight . | . . . . Utility 4 | 1 1 . 2 Device 1 | . . . 1 Storage 1 | 1 . . . Processor 2 | . 1 . 1 Hackware . | . . . . Protection . | . . . . Artifact . | . . . . Weapon 4 | 2 . 2 . Energy Gun 3 | 2 . 1 . Energy Cannon . | . . . . Ballistic Gun 1 | . . 1 . Ballistic Cannon . | . . . . Launcher . | . . . . Special Weapon . | . . . . Impact Weapon . | . . . . Slashing Weapon . | . . . . Piercing Weapon . | . . . . Special Melee Weapon . | . . . . Unidentified Prototypes . | . . . . Parts Lost 6 | . . 6 . Power 1 | . . 1 . Propulsion 2 | . . 2 . Utility . | . . . . Weapon 3 | . . 3 . Highest Loss Streak 4 | . . 4 . To Critical Strikes . | . . . . Average Backups 5 | 1 4 5 5 Power 1 | . 1 1 1 Propulsion 1 | . 2 1 2 Utility 1 | . . 2 2 Weapon . | . 1 . . Tool/Special . | . . . . Unused Backups 7 | . . 2 5 Power 2 | . . 1 1 Propulsion 2 | . . . 2 Utility 3 | . . 1 2 Weapon . | . . . . Tool/Special . | . . . . Average Slot Usage (%) 82 | . 88 98 23 Engine 11 | . 14 13 . Leg 11 | . 28 9 . Wheel 10 | . . 18 . Device 2 | . . . 12 Storage 11 | . 14 14 . Processor 10 | . 3 14 10 Energy Gun 18 | . 28 21 . Ballistic Gun 3 | . . 6 . Peak Build Rating 9 | 6 7 9 5 Average Rating 6 | 4 6 7 4 On Entrance 3 | . 6 7 . Avg Prop Armor Cover (%) . | . . . . Naked Turns 15 | . . 3 12 Heaviest Build 14 | 12 12 14 2 Greatest Support 26 | 20 20 26 3 Greatest Overweight (x) . | . . . . Average Overweight (x) . | . . . . Largest Inventory Capacity 8 | 8 8 8 5 Average Capacity 7 | 6 8 7 5 Most Carried 7 | 4 5 7 5 Average Carried 5 | 1 4 5 4 Final Capacity 8 | 8 8 5 5 Final Carried 5 | 4 5 5 5 Class Distribution -------------------- 100% | Mutant Dominant Class ---------------- Mutant | -10/Materials Mutant | -10/Subcaves Mutant | -7/Recycling Resources | -11 -10 -10 -7 ----------- Run | Yrd Mat Sub Rec Matter Collected 338 | 187 73 62 16 Remotely . | . . . . Salvage Created 213 | . . 213 . Parts 18 | . . 18 . Haulers Intercepted . | . . . . Recyclers Shooed . | . . . . Parts Field Recycled . | . . . . Retrieved Matter . | . . . . Parts Self-Destructed 15 | . . 15 . Prevented . | . . . . Parts Restored . | . . . . Kills | -11 -10 -10 -7 ------- Run | Yrd Mat Sub Rec Combat Hostiles Destroyed 10 | . . 10 . Guns 9 | . . 9 . Classes Destroyed 2 | . . 2 . Swarmer 7 | . . 7 . Subdweller 3 | . . 3 . Best Kill Streak 7 | . . 7 . Combat Bots Only 7 | . . 7 . Max Kills in Single Turn 1 | . . 1 . Gunslinging . | . . . . Exploded . | . . . . Melee . | . . . . Uniques/NPCs Destroyed . | . . . . Combat | -11 -10 -10 -7 -------- Run | Yrd Mat Sub Rec Hostile Shots Fired 108 | . 1 95 12 Missed 41 | . . 35 6 Hits 67 | . 1 60 6 Projectile 67 | . 1 60 6 Critical Strikes 1 | . . 1 . Damage Taken 830 | . 9 783 38 Core 257 | . . 224 33 Absorbed by Shields . | . . . . Core Remaining (%) 100 | 100 . . . Volleys Fired 30 | . 1 29 . Largest 2 | . 2 2 . Hottest 100 | . 100 100 . Shots Fired 57 | . 2 55 . Gun 57 | . 2 55 . Cannon . | . . . . Launcher . | . . . . Special . | . . . . Kinetic 9 | . . 9 . Thermal 48 | . 2 46 . Explosive . | . . . . Electromagnetic . | . . . . Robot Hit Streak 13 | . 1 13 . Robot Miss Streak 2 | . 1 2 . Penetration Max . | . . . . Secondary Targets 3 | . . 3 . Max Gunslinging Chain 1 | . . 1 . Shots Hit Robots 42 | . 1 41 . Core Hits 12 | . . 12 . Critical Kills . | . . . . Critical Parts Destroyed . | . . . . Critical Strikes 5 | . . 5 . Burn 5 | . . 5 . Melee Attacks . | . . . . Impact . | . . . . Slashing . | . . . . Piercing . | . . . . Sneak Attacks . | . . . . Combat Hostiles . | . . . . Follow-up Attacks . | . . . . Damage Inflicted 526 | . 26 500 . Guns 526 | . 26 500 . Cannons . | . . . . Explosions . | . . . . Melee . | . . . . Ramming . | . . . . Kinetic 86 | . . 86 . Thermal 440 | . 26 414 . Explosive . | . . . . Electromagnetic . | . . . . Impact . | . . . . Slashing . | . . . . Piercing . | . . . . Highest Corruption . | . . . . Average Corruption . | . . . . Corruption Purged . | . . . . Corruption Blocked . | . . . . Overload Shots . | . . . . Overflow Damage . | . . . . Projectiles . | . . . . Explosions . | . . . . Melee . | . . . . Knockbacks . | . . . . Impact . | . . . . Kinetic . | . . . . Secondary . | . . . . Self-Inflicted Damage . | . . . . Shots . | . . . . Rammed . | . . . . Targets Rammed . | . . . . Kicked . | . . . . Crushed . | . . . . Highest Temperature 39 | . 39 25 . Average Temperature 17 | . 20 13 . Received Heat Transfer 270 | . . 258 12 Siege Activations . | . . . . Martial Activations . | . . . . Shielding Activations . | . . . . Robots Disrupted . | . . . . Combat Hostiles . | . . . . Robots Corrupted . | . . . . Combat Hostiles . | . . . . Parts Fried . | . . . . Impact Corruptions . | . . . . Robots Melted 1 | . . 1 . Combat Hostiles 1 | . . 1 . Parts Melted 1 | . . 1 . Heat Transferred 1654 | . 74 1580 . Parts Sabotaged . | . . . . Parts Stolen . | . . . . Parts Stripped . | . . . . Power Chain Reactions . | . . . . Alert | -11 -10 -10 -7 ------- Run | Yrd Mat Sub Rec Maximum Alert Level . | . . . . Low Security (%) 100 | 100 100 . 100 Level 1 . | . . . . Level 2 . | . . . . Level 3 . | . . . . Level 4 . | . . . . Level 5 . | . . . . High Security . | . . . . Max Security . | . . . . Peak Influence 100 | . . . 100 Initial 100 | . . . 100 Average 24 | . . . 64 Influence Increases 290 | . . 285 5 Destroy 0b10 Robot/C 140 | . . 140 . Destroy Leader 10 | . . 10 . Successful Hack 5 | . . . 5 Lose Combat Pursuer 135 | . . 135 . Influence Decreases 265 | . . 76 189 Entered New Map 109 | . . . 109 Time Decay 136 | . . 56 80 Lost Part 20 | . . 20 . Squads Dispatched . | . . . . Investigation . | . . . . Extermination . | . . . . Reinforcement . | . . . . Assault . | . . . . Garrison . | . . . . Intercept . | . . . . Searches Triggered . | . . . . Construction Impeded . | . . . . Haulers Reinforced . | . . . . Active Scanning Responses . | . . . . Cargo Convoy Interrupts . | . . . . Stealth | -11 -10 -10 -7 --------- Run | Yrd Mat Sub Rec Distress Signals 1 | . 1 . . Communications Jammed . | . . . . Distress Signals . | . . . . Times Spotted 23 | . 5 16 2 Peak Tracking Total 7 | . 3 7 2 Tactical Retreats 3 | . . 3 . Traps | -11 -10 -10 -7 ------- Run | Yrd Mat Sub Rec Traps Triggered . | . . . . Indirectly . | . . . . Trap Hack Attempts . | . . . . Triggered . | . . . . Disarmed . | . . . . Reprogrammed . | . . . . Reused . | . . . . Traps Extracted . | . . . . Installed . | . . . . Triggered . | . . . . Machines | -11 -10 -10 -7 ---------- Run | Yrd Mat Sub Rec Machines Disabled 1 | . . 1 . Max in Single Turn 1 | . . 1 . Machines Repaired . | . . . . Machines Dismantled . | . . . . Machines Sabotaged . | . . . . Overloaded Fab Kills . | . . . . Hacking | -11 -10 -10 -7 --------- Run | Yrd Mat Sub Rec Machines Accessed 5 | . . 2 3 Terminals 2 | . . . 2 Fabricators . | . . . . Repair Stations . | . . . . Recycling Units 1 | . . . 1 Scanalyzers . | . . . . Garrison Access . | . . . . Total Hacks 11 | . . 3 8 Successful 7 | . . 3 4 Failed 4 | . . . 4 Catastrophic 1 | . . . 1 Database Lockouts . | . . . . Manual . | . . . . Terminals 5 | . . . 5 Fabricators . | . . . . Repair Stations . | . . . . Recycling Units 3 | . . . 3 Scanalyzers . | . . . . Garrison Access . | . . . . Terminal Hacks 5 | . . 3 2 Record 1 | . . 1 . Robot Analysis 1 | . . . 1 Open Door 1 | . . 1 . Maintenance Status 1 | . . . 1 Release Object 1 | . . 1 . Fabricator Hacks . | . . . . Repair Station Hacks . | . . . . Recycling Unit Hacks 2 | . . . 2 Report Inventory 1 | . . . 1 Retrieve Components 1 | . . . 1 Scanalyzer . | . . . . Garrison Access Hacks . | . . . . Unauthorized Hacks . | . . . . Terminals . | . . . . Fabricators . | . . . . Repair Stations . | . . . . Recycling Units . | . . . . Scanalyzers . | . . . . Garrison Access . | . . . . Data Cores Recovered . | . . . . Used . | . . . . Hacking Detections 2 | . . . 2 Full Trace Events . | . . . . Feedback Events . | . . . . Feedback Blocked . | . . . . Robot Schematics Acquired . | . . . . Robots Built . | . . . . Authchips . | . . . . Time . | . . . . Total Robot Build Rating . | . . . . Part Schematics Acquired . | . . . . Parts Built . | . . . . Authchips . | . . . . Time . | . . . . Total Part Build Rating . | . . . . Part Studies Acquired . | . . . . Parts Repaired . | . . . . Time . | . . . . Parts Recycled . | . . . . Recycled Matter . | . . . . Retrieved Matter . | . . . . Retrieved Components 3 | . . . 3 Parts Scanalyzed . | . . . . Part Schematics Acquired . | . . . . Parts Damaged . | . . . . Bothacking | -11 -10 -10 -7 ------------ Run | Yrd Mat Sub Rec Used RIF Installer . | . . . . Robots Hacked . | . . . . Non-combat . | . . . . Combat . | . . . . Robot Hacks Applied . | . . . . Relay Couplers Released . | . . . . Fabnet Peak Effective % . | . . . . Robots Rewired . | . . . . Allies Hacked . | . . . . Hacks Repelled . | . . . . Allies | -11 -10 -10 -7 -------- Run | Yrd Mat Sub Rec Total Allies . | . . . . Largest Group . | . . . . Highest-Rated Group . | . . . . Highest-Rated Ally . | . . . . Total Orders . | . . . . Ally Attacks . | . . . . Total Damage . | . . . . Kills . | . . . . Allies Corrupted . | . . . . Allies Melted . | . . . . Intel | -11 -10 -10 -7 ------- Run | Yrd Mat Sub Rec Active Infowar (turns) 121 | . . . 121 Optics 121 | . . . 121 Robot Analysis Total 1 | . . . 1 Derelict Logs Recovered 1 | . . 1 . Drone Launches . | . . . . Drone Recoveries . | . . . . Exploration | -11 -10 -10 -7 ------------- Run | Yrd Mat Sub Rec Turns Passed 989 | 56 216 551 166 Spaces Moved 740 | 38 167 413 122 Core 132 | 3 . 7 122 Treads . | . . . . Legs 307 | 35 167 105 . Wheels 301 | . . 301 . Hover . | . . . . Flight . | . . . . Fastest Speed 50 | 50 120 50 50 Average Speed 95 | 114 120 96 50 Slowest Speed 120 | 120 120 120 50 Overloaded Moves . | . . . . Propulsion Burnouts . | . . . . Robots Hopped . | . . . . Potential Cave-ins . | . . . . Cave-ins Triggered . | . . . . Exploration Rate (%) 25 | 4 46 20 32 Regions Visited 3 Branch Regions 2 Pre-discovered Areas 1 | . . 1 . Known Exits Taken . | . . . . Unknown Exits Taken 3 | 1 1 1 . Scrap Searched . | . . . . Spaces Dug . | . . . . Terrain Destroyed . | . . . . Melee . | . . . . Projectile . | . . . . AOE . | . . . . Terrain Rammed . | . . . . Walls Destroyed . | . . . . Machines Disabled . | . . . . Actions | -11 -10 -10 -7 --------- Run | Yrd Mat Sub Rec Total 964 | 47 180 511 226 Wait 166 | . 11 54 101 Move 737 | 37 166 412 122 Hop . | . . . . Pick Up 14 | 4 1 8 1 Fast Attach 9 | 6 1 1 1 Attach 5 | . . 4 1 Detach . | . . . . Swap . | . . . . Drop 3 | . . 3 . Fire 30 | . 1 29 . Melee . | . . . . Ram . | . . . . Kick . | . . . . Crush . | . . . . Escape Stasis . | . . . . Rewire . | . . . . Trap . | . . . . Miscellaneous . | . . . . Route ------- -11/Scrapyard -10/Materials (discovered 2 exits: [*Mat] / *Sub) -10/Subcaves -7/Recycling (discovered 1 exit: [*Fac]) History --------- Turn | Location | Event 6 | -11/Scrapyard | Discovered new exit (range 16) 57 | -11/Scrapyard | Entered Materials 58 | -10/Materials | Met a group of wandering Federalists 102 | -10/Materials | Discovered new exit (range 15) 184 | -10/Materials | Lost 4 allies 268 | -10/Materials | Discovered new exit (range 6) 273 | -10/Materials | Entered Subcaves 274 | -10/Subcaves | Continued accompanying wandering Federalists (2) 274 | -10/Subcaves | Approached by a straggling Scientist 316 | -10/Subcaves | Build established: Mutant 490 | -10/Subcaves | Lost 4 parts (1p2n1w) 688 | -10/Subcaves | Discovered new exit (range 16) 713 | -10/Subcaves | Core integrity fell below 50% 738 | -10/Subcaves | Learned location of Zion (-6) 738 | -10/Subcaves | Met a Zionite searching for "candidates" 739 | -10/Subcaves | Destroyed 7 combat bots 821 | -10/Subcaves | Core integrity fell below 20% 821 | -10/Subcaves | Released all parts (6) 824 | -10/Subcaves | Entered Recycling 825 | -7/Recycling | Met a Zionite searching for Scraptown 984 | -7/Recycling | Discovered new exit (range 15) 990 | -7/Recycling | Destroyed by Y-54 Guardian with Gatling Laser Last Messages --------------- 00873_ Connecting with Terminal... >>Enumerate(Maintenance) Found 29 registered maintenance bots. 5 Builders 2 Tunnelers 22 Recyclers Downloaded coordinate data. >>Analysis(Bolteater) Downloading analysis... Bolteater Tier: 2 Some Packrat variants have become quite capable in their own right, evolved to rip hostiles apart specifically to use pieces for self-repair, then discard any remains. Surprisingly they are resistant to many forms of damage. 00957_ Sub. Optics shoots sparks and powers down. 00984_ EXIT=FOUND 00988_ Y-54 Guardian springs to life. 00989_ B1-VT6(z) destroyed. 00989_ Acquired 16 matter. Map ----- +----------------------------------------------------+ | + """ #?????????????# #????????????????? | | # #?????????????# #????????????????? | | ##########?????????????# #????????????????? | | #??????????????????????# #????????????????? | | #??????????????????????# #????????????????? | | #??????????????????????# #????????????????? | | #??????????????????????# #????????????????? | | #??????????????????????# #????????????????? | | ##?????????????????????# #????????????????? | | +?????????????????????# #????????????????? | | ##?????????????????????# #????????????????? | | #??????????????????????+ #????????????????? | | ??????????????????????# #????????????????? | | T +?????????????????????# #????????????????? | | #?????????????????????# #????????????????? | | ##??????????????????????# #????????????????? | | ????????????????????????# ###??????????????? | | ????????????????????????# ""#??????????????? | | ????????????????????????# Y"#??????????????? | | ????????????????????????# ""#??????????????? | | ????????????????????????# ###??????????????? | | ????????????????????????# #???????????????? | | ????????????????????????# Y##???????????????? | | ????????????????????????# #????????????????? | | ????????????????????????# ##???????????????? | | ????????????????????????#@* Y#???????????????? | | ????????????????????????# ##???????????????? | | ????????????????????????# #????????????????? | | ????????????????????????# #????????????????? | | ????????????????????????# #????????????????? | | ????????????????????????# #????????????????? | | ????????????????????????+ #????????????????? | | ????????????????????????# #????????????????? | | ????????????????????????# #????????????????? | | ????????????????????????# #????????????????? | | ????????????????????????# < #????????????????? | | ????????????????????????# #????????????????? | | ?????????????????????????####????????????????? | | ?????????????????????????????????????????????? | | ?????????????????????????????????????????????? | | ?????????????????????????????????????????????? | | ?????????????????????????????????????????????? | | ?????????????????????????????????????????????? | | | | | | | | | | | | | | | +----------------------------------------------------+ Best States ------------- Heat Dissipation 25 Energy Generation 15 Energy Capacity 200 Matter Stores 300 Matter Capacity 300 Sight Range 21 Terrain Scan Density 10 Evasion (%) 55 Targeting Accuracy 6 Item Schematics ----------------- None Robot Schematics ------------------ None Fabricated ------------ Nothing Repaired ---------- Nothing Studied --------- None Alien Tech Used ----------------- None Achievements -------------- It's Just You Live, Flee, And Rebuild Spot Them First Strength In Numbers Challenges ------------ None Game ------ Seed TargetShiftMace Manual? 0 Play Time 00:26:35 Cumulative 8.0 hours Start 2025.10.23 @ 23:46:39 End 2025.10.24 @ 00:16:15 Sessions 1 Manual Loads 0 Difficulty Rogue Special Mode None Game No. 14 Rogue 14 Adventurer 0 Explorer 0 Win Type - Total 0 Types 0/0/0/0/0/0/0/0/0/0 Lore% 10 Gallery% 14 Achievement% 10 Wizard Run 0 Options --------- Layout 0 ASCII 0 Keyboard 0 Movement Numpad Keybinds 0 Fullscreen 2 Font 24/Smallcaps Map View 76x50 Zoom Use 0% Tactical HUD 1 Map Filters NONE Filters NONE Steam 1 RUN: de16b015-9819-4283-b9c5-658663360d76